AoeStats
← Berkecan

Arena

508506543Analyzed
3v3 RM · 9d ago on Sep 22, 2026· 60m 42s· 6 players
Game mode
Random Map
Map size
Normal (6 player)
Population
200
Speed
Normal
Resources
Standard
Victory
Conquest
Starting age
Dark Age
Ending age
Imperial Age
RankedLock teamsTeams togetherTeam positionsShared explorationLock speedFull tech treeHidden civsTurbo modeCheats
Victory
Defeat
🇪🇸 Franks · Spain
815
+7
🇪🇸 Berbers · Spain
690
+12
🇪🇸 Persians · Spain
660
+13
🇩🇪 Maya · Germany
696
-14
🇨🇴 Poles · Colombia
664
-13
🇹🇷 Vietnamese · Türkiye
427
-5
HomerForest
8:41 Loom
10:48 Feudal Age
11:21 Double-Bit Axe
16:05 Wheelbarrow
16:24 Horse Collar
23:34 Castle Age
24:54 Hand Cart
24:44 Heavy Plow
24:57 Bow Saw
25:22 Light Cavalry
26:32 Husbandry
26:38 Squires
29:44 Bloodlines
30:46 Murder Holes
30:46 Pikeman
32:32 Ballistics
33:32 Masonry
33:03 Treadmill Crane
34:02 Fortified Wall
34:00 Gold Mining
34:04 Stone Mining
34:49 Forging
35:27 Scale Barding Armor
38:07 Szlachta Privileges
38:04 Guard Tower
44:31 Imperial Age
42:18 Thumb Ring
42:54 Iron Casting
44:37 Cavalier
44:43 Capped Ram
46:36 Blast Furnace
46:29 Hoardings
47:47 Chemistry
46:33 Arrowslits
47:24 Keep
46:55 Siege Engineers
48:46 Chain Barding Armor
51:37 Lechitic Legacy
55:11 Conscription
60:28 Siege Ram
hishighness
0:30 Loom
11:40 Feudal Age
12:06 Horse Collar
13:16 Double-Bit Axe
16:55 Scale Mail Armor
17:06 Forging
18:20 Gold Mining
24:20 Castle Age
23:52 Arson
25:23 Bow Saw
25:26 Eagle Warrior
26:41 Squires
27:25 Iron Casting
29:20 Chain Mail Armor
41:30 Imperial Age
42:35 Capped Ram
42:39 Elite Eagle Warrior
45:04 Holcans
45:31 Siege Ram
47:24 Blast Furnace
46:55 Plate Mail Armor
46:59 Conscription
48:36 Elite Plumed Archer
51:09 Fletching
51:20 Padded Archer Armor
52:17 Heavy Plow
53:42 Ballistics
54:23 Chemistry
53:33 Bodkin Arrow
53:54 Leather Archer Armor
Berkecan
11:10 Feudal Age
13:03 Horse Collar
13:17 Double-Bit Axe
19:01 Stone Mining
23:49 Castle Age
22:31 Gold Mining
24:37 Husbandry
27:07 Stone Shaft Mining
26:34 Heavy Plow
30:08 Loom
32:20 Wheelbarrow
32:53 Bow Saw
34:32 Hand Cart
35:19 Forging
35:10 Scale Mail Armor
38:02 Iron Casting
37:42 Chain Mail Armor
37:33 Scale Barding Armor
37:29 Padded Archer Armor
37:19 Fletching
41:26 Imperial Age
el__magnicida
5:38 Loom
13:54 Feudal Age
18:34 Castle Age
16:51 Gold Mining
16:50 Double-Bit Axe
22:33 Bow Saw
26:58 Wheelbarrow
31:54 Imperial Age
31:12 Scale Barding Armor
31:18 Forging
30:59 Fletching
33:45 Cavalier
36:19 Chemistry
36:18 Ballistics
35:41 Treadmill Crane
36:14 Masonry
36:01 Murder Holes
37:24 Hand Cart
36:55 Town Watch
39:13 Light Cavalry
39:54 Husbandry
42:06 Caravan
42:49 Stone Mining
43:35 Gold Shaft Mining
43:27 Cranequins
45:06 Architecture
44:23 Arrowslits
44:30 Pikeman
44:56 Gambesons
45:25 Scale Mail Armor
48:11 Fortified Wall
48:44 Hoardings
48:45 Conscription
48:27 Chivalry
50:49 Squires
50:34 Arson
59:56 Spies/Treason
RuubenESP
8:34 Loom
11:23 Feudal Age
15:33 Gold Mining
20:53 Castle Age
20:36 Stone Mining
26:34 Wheelbarrow
26:11 Horse Collar
27:08 Double-Bit Axe
27:30 Heavy Plow
33:24 Imperial Age
34:05 Hand Cart
35:55 Kamandaran
36:52 Caravan
37:52 Gold Shaft Mining
38:08 Elite War Elephant
40:38 Bow Saw
44:08 Onager
45:41 Ballistics
49:04 Forging
48:54 Scale Mail Armor
49:00 Scale Barding Armor
54:15 Citadels
55:11 Crossbowman
57:39 Iron Casting
57:26 Chain Barding Armor
59:38 Blast Furnace
58:59 Chain Mail Armor
xerrinho
0:33 Loom
11:50 Feudal Age
13:28 Double-Bit Axe
13:08 Man-at-Arms
16:01 Horse Collar
20:49 Castle Age
20:21 Wheelbarrow
20:04 Gold Mining
20:48 Town Watch
23:16 Heavy Plow
25:40 Bow Saw
27:30 Hand Cart
28:19 Murder Holes
29:48 Fletching
30:04 Scale Barding Armor
30:15 Long Swordsman
30:57 Squires
31:58 Bloodlines
31:49 Husbandry
36:37 Gold Shaft Mining
35:53 Stone Mining
40:29 Imperial Age
39:50 Stone Shaft Mining
41:59 Kasbah
42:20 Conscription
42:02 Maghrebi Camels
41:46 Two-Handed Swordsman
43:02 Heavy Camel Rider
43:06 Champion
44:04 Forging
43:55 Scale Mail Armor
44:18 Chain Barding Armor
43:56 Bodkin Arrow
44:02 Padded Archer Armor
44:18 Fortified Wall
43:56 Arrowslits
48:27 Iron Casting
48:08 Chain Mail Armor
47:55 Bracer
48:13 Leather Archer Armor
59:31 Spies/Treason
Connection lost

Rejoining the realm…

Still unreachable

The connection could not be restored.

Session expired

The server has moved on; the page needs a fresh start.